 Dungeon Crawl Stone Soup version 0.28.0 (webtiles) character file.

Game seed: 9562642369420653994

133 zcamperz the Chopper (level 4, 0/58 (61) HPs)
             Began as a Minotaur Berserker on Feb 16, 2022.
             Was a Believer of Trog.
             Slain by Crazy Yiuf (4 damage)
             ... on level 3 of the Dungeon.
             The game lasted 00:03:22 (2224 turns).

zcamperz the Chopper (Minotaur Berserker)           Turns: 2224, Time: 00:03:23

HP:   0/58 (61)     AC:  4    Str: 24    XL:     4   Next: 94%
MP:   3/3           EV: 12    Int:  4    God:    Trog [**....]
Gold: 85            SH:  0    Dex:  9    Spells: 3/3 levels left

rFire   . . .      SeeInvis .   p - +0 war axe
rCold   . . .      Faith    .   (no shield)
rNeg    . . .      Spirit   .   n - +0 leather armour
rPois   .          Reflect  .   (helmet restricted)
rElec   .          Harm     .   (no cloak)
rCorr   .          Rampage  .   h - +0 pair of gloves
Will    ++...                   (no boots)
Stlth   ..........              e - amulet of regeneration
HPRegen 1.99/turn               (no ring)
MPRegen 0.08/turn               (no ring)

@: berserking, strong-willed, regenerating, lightly drained, very quick
A: horns 2, retaliatory headbutt
a: Renounce Religion, Berserk, Trog's Hand


You were on level 3 of the Dungeon.
You worshipped Trog.
Trog was pleased with you.
You visited 1 branch of the dungeon, and saw 3 of its levels.

You collected 85 gold pieces.

Inventory:

Hand Weapons
 p - a +0 war axe (weapon)
Missiles
 d - 2 curare-tipped darts (quivered)
 g - 7 poisoned darts
Armour
 h - a +0 pair of gloves (worn)
 n - a +0 leather armour (worn)
Jewellery
 e - an amulet of regeneration (around neck)
Wands
 o - a wand of mindburst (12)
Scrolls
 b - a scroll of fog {unknown}
 i - a scroll of identify {unknown}
 j - a scroll of enchant weapon {unknown}
 l - a scroll of brand weapon {unknown}
 m - 2 scrolls of acquirement {unknown}
Potions
 c - a potion of invisibility {unknown}
 f - a potion of degeneration {unknown}
 k - 2 potions of heal wounds {unknown}


   Skills:
 + Level 4.7 Fighting
 + Level 5.3 Axes
 + Level 2.7 Armour
 + Level 2.9 Dodging
 + Level 0.9 Stealth


You had 3 spell levels left.
You didn't know any spells.
Your spell library was empty.

Dungeon Overview and Level Annotations

Branches:
Dungeon (3/15)

Altars:
Uskayaw

Annotations:
D:3 Crazy Yiuf


Innate Abilities, Weirdness & Mutations

You have a pair of horns on your head.
You reflexively headbutt those who attack you in melee.


Message History

a +0 club; a +0 war axe; a kobold corpse
p - a +0 war axe
Things that are here:
a +1 dagger of protection; a +0 robe
Things that are here:
a +0 short sword; a +0 leather armour
p - a +0 war axe (weapon)
You drop a +0 hand axe.
HP restored.
Found a mace.
Found a mace.
You see here a +0 mace.
Found four maces.
Found a runed translucent door.
You see here a +0 mace.
Crazy Yiuf shouts!
You see here a +0 mace.
You open the door.
Your skin crawls.
You feel strong-willed. Crazy Yiuf barely misses you.
You hit Crazy Yiuf. Your headbutt misses Crazy Yiuf.
Crazy Yiuf is moderately wounded.
Crazy Yiuf hits you with a +3 quarterstaff of chaos!
You feel drained.
Crazy Yiuf hits you with a +3 quarterstaff of chaos!
* * * LOW HITPOINT WARNING * * *
Crazy Yiuf burns you.
* * * LOW HITPOINT WARNING * * *
A red film seems to cover your vision as you go berserk!
You feel yourself moving faster!
You feel mighty!
Crazy Yiuf hits you with a +3 quarterstaff of chaos.
* * * LOW HITPOINT WARNING * * *
Crazy Yiuf burns you.
* * * LOW HITPOINT WARNING * * *
You hit Crazy Yiuf.
Crazy Yiuf is heavily wounded.
Crazy Yiuf hits you with a +3 quarterstaff of chaos!
* * * LOW HITPOINT WARNING * * *
Crazy Yiuf burns you.
You die...

#+#
#....##
#....#
#...P#
#..P##
##)##
#)##
##.#
#)##
##@#
#g# ..)
#..)#
#..)#
#####


You could see Crazy Yiuf.

Vanquished Creatures
  An orc wizard (D:3)
  Robin (D:2)
  2 adders (D:2)
  3 gnolls (D:3)
  2 orcs (D:3)
  4 ball pythons
  6 endoplasms
  3 giant cockroaches
  12 goblins
  2 hobgoblins (D:2)
  3 quokkas
  A bat (D:2)
  2 frilled lizards (D:1)
  3 kobolds
  6 rats
51 creatures vanquished.

Notes
Turn   | Place    | Note
-------+----------+-------------------------------------------
     0 | D:1      | zcamperz the Minotaur Berserker began the quest for the
                  | Orb.
     0 | D:1      | Reached XP level 1. HP: 19/19 MP: 0/0
   389 | D:1      | Reached XP level 2. HP: 16/27 MP: 1/1
   779 | D:1      | Reached skill level 4 in Axes
  1095 | D:1      | Found a faded altar of an unknown god.
  1415 | D:2      | Noticed Robin
  1420 | D:2      | Reached XP level 3. HP: 33/33 MP: 2/2
  1423 | D:2      | Killed Robin
  1681 | D:2      | Reached ** piety under Trog
  1682 | D:2      | Reached XP level 4. HP: 41/41 MP: 3/3
  2000 | D:3      | Reached skill level 5 in Axes
  2093 | D:3      | Found a hide-covered altar of Uskayaw.
  2216 | D:3      | Found a runed translucent door.
  2217 | D:3      | Noticed Crazy Yiuf
  2224 | D:3      | Slain by Crazy Yiuf

Illustrated notes

Levels and vault maps discovered:
D:1:      roderic_octagonal_star, layout_basic,
          dreamdust_ecumenical_altar_angels_and_demons
D:2:      layout_loops_corners, uniq_robin
D:3:      layout_loops_corners, nicolae_uskayaw_dance_hall,
          minmay_misc_feat_room, nicolae_shop_unique_rings,
          uniq_crazy_yiuf_cottage

Skill      XL: |  1  2  3  4 |
---------------+-------------+-----
Fighting       | 4 |  4.7
Axes           | 4 5 |  5.3
Armour         | |  2.7
Dodging        | |  2.9
Stealth        | |  0.9

Action                   |  1- 3 |  4- 6 || total
-------------------------+-------+-------++-------
Melee: Hand axe          |    67 |    47 ||   114
       Headbutt          |     8 |     1 ||     9
       War axe           |       |     2 ||     2
Invok: Berserk           |     1 |     2 ||     3
       Trog's Hand       |       |     2 ||     2
  Use: Scroll            |     1 |       ||     1
 Stab: Sleeping          |     1 |       ||     1
Armor: Animal skin       |    17 |     3 ||    20
       Leather armour    |       |     9 ||     9
Dodge: Dodged            |    35 |    30 ||    65
